 Dungeon Crawl Stone Soup version 0.20-a0-317-gc038824 (webtiles) character file.

830 Dfrag the Firebug (level 7, 0/55 HPs)
             Began as a Naga Fire Elementalist on Dec 20, 2016.
             Slain by a human zombie (7 damage)
             ... in an ossuary.
             The game lasted 00:05:45 (3242 turns).

Dfrag the Firebug (Naga Fire Elementalist)          Turns: 3242, Time: 00:05:45

Health: 0/55       AC:  3    Str: 11    XL:     7   Next: 97%
Magic:  1/14       EV: 10    Int: 22    God:
Gold:   157        SH:  0    Dex: 11    Spells: 7/15 levels left

rFire  . . .     SeeInvis +     j - +1 flail (crush)
rCold  . . .     Gourm    .     a - +0 robe
rNeg   . . .     Faith    .     (no shield)
rPois  +         Spirit   .     (no helmet)
rElec  .         Reflect  .     (no cloak)
rCorr  .         Harm     .     (no gloves)
MR     +....                    (no barding)
Stlth  ++........               (no amulet)
                                n - ring of flight
                                l - ring of protection from magic

@: brilliant, very slow
A: see invisible, deformed body, poison resistance, slowness 2, slow metabolism
1, spit poison 1, AC +2
a: Spit Poison, Evoke Flight


You were in an ossuary.
You were near starving.

You visited 1 branch of the dungeon, and saw 4 of its levels.
You also visited: Ossuary.

You collected 157 gold pieces.

Inventory:

Hand Weapons
 j - a +1 flail of crushing (weapon)
Armour
 a - a +0 robe (worn)
Jewellery
 l - a ring of protection from magic (left hand)
 n - a ring of flight (right hand)
 s - an uncursed ring of ice
Scrolls
 e - 6 scrolls of identify {unknown}
 g - a scroll of enchant weapon {unknown}
 h - a scroll of enchant armour {unknown}
 m - a scroll of teleportation {unknown}
 p - a scroll of random uselessness {unknown}
 q - a scroll of noise {unknown}
 r - 3 scrolls of remove curse {unknown}
 t - 2 scrolls of recharging {unknown}
Books
 b - a book of Flames

   Spells                             Type                      Level
   a - Flame Tongue                   Conjuration/Fire             1
   b - Throw Flame                    Conjuration/Fire             2
   c - Conjure Flame                  Conjuration/Fire             3
   d - Inner Flame                    Hexes/Fire                   3
   e - Sticky Flame                   Conjuration/Fire             4
   f - Fireball                       Conjuration/Fire             5
 u - a book of Misfortune

   Spells                             Type                      Level
   a - Confusing Touch                Hexes                        1
   b - Confuse                        Hexes                        3
   c - Gell's Gravitas                Hexes/Translocation          3
   d - Petrify                        Transmutation/Earth          4
   e - Metabolic Englaciation         Hexes/Ice                    5
   f - Yara's Violent Unravelling     Hexes/Transmutation          5
 v - a book of Air

   Spells                             Type                      Level
   a - Shock                          Conjuration/Air              1
   b - Swiftness                      Charms/Air                   2
   c - Repel Missiles                 Charms/Air                   2
   d - Static Discharge               Conjuration/Air              3
   e - Lightning Bolt                 Conjuration/Air              5
Comestibles
 c - 3 bread rations
 d - a slice of pizza
 i - a meat ration
 o - a beef jerky


   Skills:
 - Level 1.5 Dodging
 - Level 3.0 Stealth
 + Level 4.8 Spellcasting
 + Level 5.0 Conjurations
 + Level 5.8 Fire Magic


You had 7 spell levels left.
You knew the following spells:

 Your Spells              Type           Power        Failure   Level  Hunger
a - Flame Tongue          Conj/Fire      #####        1%          1    None
b - Conjure Flame         Conj/Fire      #####...     1%          3    ##.....
c - Sticky Flame          Conj/Fire      #####...     1%          4    ####...


Dungeon Overview and Level Annotations

Branches:
Dungeon (4/15)
 Temple: D:4-7

Altars:
Elyvilon
Hepliaklqana
Okawaru
Ru

Shops:
D:4 [(


Innate Abilities, Weirdness & Mutations

You cannot wear boots.
Your serpentine skin is tough. (AC +2)
You have supernaturally acute eyesight. (SInv)
Armour fits poorly on your strangely shaped body.
Your system is resistant to poisons. (rPois)
You cover ground very slowly.
You have a slow metabolism.
You can spit poison.


Message History

Aim: a human zombie The sticky flame hits the human zombie.
The human zombie is lightly damaged.
The human zombie is covered in liquid flames!
You are near starving!
The human zombie burns!
The human zombie hits you.
* * * LOW HITPOINT WARNING * * *
Unknown command.
The human zombie burns!
The human zombie burns! x2; The human zombie stops burning.
It was a potion of brilliance.
You feel clever all of a sudden.
The human zombie hits you but does no damage.
You hit the human zombie.
The human zombie is moderately damaged.
The human zombie hits you but does no damage.
You closely miss the human zombie.
The human zombie is moderately damaged.
The human zombie hits you!
You die...

#+# ###.### #####
##.....## ##...##
#.......# #.....#
.###...∩...###.....##
..'...∩∩∩...'..Z@...#
.###...∩...###.....##
#.......# #.....#
##.....## ##...##
###.### ##### #'#
###.### #.....#
#.......#


You could see a human zombie.

Vanquished Creatures
  5 elf zombies (Ossuary)
  A water moccasin skeleton (D:4)
  A human zombie (Ossuary)
  5 centaur zombies (Ossuary)
  Terence (D:3)
  3 mummies (Ossuary)
  4 gnolls (D:3)
  7 adders
  2 oozes
  An adder skeleton (D:4)
  2 worms
  5 orcs (D:3)
  10 bats
  4 giant cockroaches
  8 goblins
  3 hobgoblins
  6 jackals (D:2)
  8 kobolds
  A ball python (D:1)
  4 frilled lizards
  6 rats
87 creatures vanquished.

Notes
Turn   | Place    | Note
-------+----------+-------------------------------------------
     0 | D:1      | Dfrag the Naga Fire Elementalist began the quest for the Orb.
     0 | D:1      | Reached XP level 1. HP: 15/15 MP: 3/3
    55 | D:1      | Reached XP level 2. HP: 12/22 MP: 3/5
   279 | D:1      | Reached XP level 3. HP: 21/28 MP: 6/6
   847 | D:2      | Reached XP level 4. HP: 32/36 MP: 2/8
  1174 | D:3      | Noticed Terence
  1179 | D:3      | Killed Terence
  1245 | D:3      | Reached XP level 5. HP: 7/42 MP: 1/9
  1709 | D:3      | Found an iron altar of Okawaru.
  1709 | D:3      | Found a white marble altar of Elyvilon.
  1717 | D:3      | Found a faded altar of an unknown god.
  1720 | D:3      | Found a hazy altar of Hepliaklqana.
  1722 | D:3      | Found a sacrificial altar of Ru.
  1807 | D:3      | Found a faded altar of an unknown god.
  2478 | D:4      | Reached XP level 6. HP: 28/49 MP: 7/11
  2483 | D:4      | Learned a level 3 spell: Conjure Flame
  2488 | D:4      | Learned a level 4 spell: Sticky Flame
  2493 | D:4      | Found a sand-covered staircase.
  2572 | D:4      | Found Vitri's Antique Weapon Shop.
  2575 | D:4      | Found Zisayjats's Armour Shoppe.
  2639 | Ossuary  | Entered an ossuary
  2694 | Ossuary  | Reached XP level 7. HP: 24/55 MP: 5/13
  2876 | Ossuary  | Reached skill level 5 in Fire Magic
  3234 | Ossuary  | Reached skill level 5 in Conjurations
  3242 | Ossuary  | Slain by a human zombie

Vault maps used:
D:1:      erik_arrival_triangle_small
D:3:      chequers_temple_overflow_minitemple, chequers_ecumenical_altar_simple,
          uniq_terence
D:4:      first_bread, nicolae_ossuary_entry_false_entrances, serial_shops,
          nicolae_shop_competitors_out_of_business, nicolae_shop_stone,
          shop_statue, nicolae_shop_behind_doors, goddamned_bats
Ossuary:  ossuary_minmay_four_chambers

Skill      XL: |  1  2  3  4  5  6  7 |
---------------+----------------------+-----
Conjurations   | 2 3 4 5 |  5.0
Fire Magic     | 4 5 |  5.8
Spellcasting   | 3 4 |  4.8
Dodging        | |  1.5
Stealth        | |  3.0

Action                   |  1- 3 |  4- 6 |  7- 9 || total
-------------------------+-------+-------+-------++-------
Melee: Unarmed           |     6 |     8 |       ||    14
       Flail             |       |    54 |    33 ||    87
 Cast: Flame Tongue      |    36 |    66 |    27 ||   129
       Conjure Flame     |       |     1 |     1 ||     2
       Sticky Flame      |       |       |     3 ||     3
 Abil: Spit Poison       |    16 |    17 |       ||    33
  Use: Potion            |       |     1 |     2 ||     3
 Stab: Sleeping          |       |     1 |       ||     1
  Eat: Chunk             |     1 |     6 |       ||     7
Armor: Robe              |    11 |    11 |     8 ||    30
Dodge: Dodged            |    19 |    56 |    24 ||    99
